 Dungeon Crawl Stone Soup version 0.29.0-4-gdea44cf6ec (webtiles) character file.

Game seed: 10249140325470775950

7 qw the Sneak (level 2, 0/19 HPs)
             Began as a Gargoyle Delver on Sept 10, 2022.
             Slain by an orc wizard
             ... wielding a +0 dagger
              (1 damage)
             ... on level 3 of the Dungeon.
             The game lasted 00:00:08 (232 turns).

qw the Sneak (Gargoyle Delver)                       Turns: 232, Time: 00:00:08

Health: 0/19       AC:  5    Str: 15    XL:     2   Next: 0%
Magic:  2/2        EV: 11    Int: 10    God:
Gold:   17         SH:  0    Dex: 11    Spells: 1/1 levels left

rFire   . . .      SeeInvis .   d - +0 war axe
rCold   . . .      Faith    .   (no shield)
rNeg    + . .      Spirit   .   b - +0 leather armour
rPois   inf        Reflect  .   (no helmet)
rElec   +          Harm     .   (no cloak)
rCorr   .          Rampage  .   (no gloves)
Will    .....                   (no boots)
Stlth   +++.......              (no amulet)
HPRegen 0.06/turn               (no ring)
MPRegen 0.08/turn               (no ring)

@: no status effects
A: sickness immunity, AC +2, negative energy resistance 1, electricity
resistance, torment resistance 1, petrification resistance
a: no special abilities


You were on level 3 of the Dungeon.
You visited 1 branch of the dungeon, and saw 3 of its levels.

You collected 17 gold pieces.


Innate Abilities, Weirdness & Mutations

You are immune to sickness and miasma.
Your stone body is resilient. (AC +2)
You are immune to poison.
You resist negative energy. (rN+)
You are resistant to electric shocks. (rElec)
You are resistant to unholy torment.
You are immune to petrification.


   Skills:
 - Level 3.2 Fighting
 + Level 2.4 Axes
 - Level 1.5 Dodging
 - Level 5.4 Stealth


You had one spell level left.
You didn't know any spells.
Your spell library was empty.

Inventory:

Hand Weapons
 d - a +0 war axe (weapon)
Armour
 a - a +0 helmet
 b - a +0 leather armour (worn)
Wands
 g - a wand of digging (3)
Scrolls
 c - a scroll of vulnerability {unknown}
Potions
 e - a potion of heal wounds {unknown}
 f - a potion of haste

Dungeon Overview and Level Annotations

Branches:
Dungeon (5/15)
 Temple: D:4-7

Altars:


Message History

The orc is heavily wounded.
The orc barely misses you.
You barely miss the orc.
The orc is heavily wounded.
The orc hits you but does no damage. The orc misses you.
You slash the orc!
You kill the orc!
You have reached level 2!
You hear the slow rusting of a drain nearby.
You now have 17 gold pieces (gained 9).
You see here a +2 antimagic rapier.
An orc wizard is nearby!
217 ||| Stepping ~*~*~tactically~*~*~ (stealth).
Found a scroll labelled ICSEN VIWAPN.
219 ||| Stepping ~*~*~tactically~*~*~ (stealth).
The orc wizard shouts!
A dart slug comes into view.
The orc wizard points at you and mumbles some strange words.
The magic dart hits you.
You barely miss the orc wizard.
The orc wizard hits you with a +0 dagger. x2
You barely miss the orc wizard.
The orc wizard hits you but does no damage.
You completely miss the orc wizard.
The orc wizard hits you with a +0 dagger.
You hit the orc wizard but do no damage.
The orc wizard closely misses you.
The orc wizard hits you with a +0 dagger.
You barely miss the orc wizard.
The orc wizard gestures at you while chanting.
You resist with significant effort.
You slash the orc wizard!
The orc wizard is severely wounded.
The orc wizard points at you and mumbles some strange words.
The magic dart hits you!
The orc wizard hits you but does no damage.
You barely miss the orc wizard.
The orc wizard is severely wounded.
The orc wizard hits you with a +0 dagger.
You die...

#.#77.77###.#..#
##...........#.>##
#..#77.77######..##
#.## 7)7 ##.... #.#
#.# ###..... #.##
#.#####.......
#..###.......######
#####..#####.####
#....@...##..#
#....o$..#..##
#..w.?.....#
#............
#........###.
#........#
#........#
#........#


You could see an orc wizard and a dart slug.

Vanquished Creatures
  2 orcs (D:3)
  A hobgoblin (D:4)
  A quokka (D:3)
4 creatures vanquished.

Notes
Turn   | Place    | Note
-------+----------+-------------------------------------------
     0 | D:5      | qw the Gargoyle Delver began the quest for the Orb.
     0 | D:5      | Reached XP level 1. HP: 14/14 MP: 1/1
     0 | D:5      | 0 ||| qw: Version: 0.1-a-116-g5d60599
     0 | D:5      | 0 ||| qw: Game counter: 8284
     0 | D:5      | 0 ||| qw: Always use a shield: true
     0 | D:5      | 0 ||| qw: God list: Okawaru
     0 | D:5      | 0 ||| qw: Allow faded altars: false
     0 | D:5      | 0 ||| qw: Do Orc after D:15 true
     0 | D:5      | 0 ||| qw: Do second Lair branch before Depths: true
     0 | D:5      | 0 ||| qw: Lair rune preference: random
     0 | D:5      | 0 ||| qw: Plans: Normal
     0 | D:5      | 0 ||| PLANNING D:1-11
     0 | D:5      | 0 ||| DROPPING scroll of fog.
     1 | D:5      | 1 ||| DROPPING scroll of magic mapping.
     2 | D:5      | 2 ||| DROPPING scroll of fear.
    96 | D:3      | 96 ||| PLANNING SEWER
   137 | D:3      | 137 ||| SWAPPING to +0 war axe.
   138 | D:3      | 138 ||| DROPPING +0 hand axe.
   167 | D:3      | Noticed an orc wizard
   168 | D:3      | 168 ||| Stepping ~*~*~tactically~*~*~ (stealth).
   188 | D:3      | Reached XP level 2. HP: 19/19 MP: 2/2
   217 | D:3      | 217 ||| Stepping ~*~*~tactically~*~*~ (stealth).
   219 | D:3      | 219 ||| Stepping ~*~*~tactically~*~*~ (stealth).
   231 | D:3      | HP: 1/19 [orc wizard/magic dart (8)]
   232 | D:3      | Slain by an orc wizard

Levels and vault maps discovered:
D:3:      layout_rooms, old_standard_altar, lemuel_crystal_altar,
          portal_sewer_entry_d, minmay_tree_intersection,
          nicolae_figureground_pulse, uniq_robin
D:4:      layout_loops_cross, nicolae_overflow_crystal_walls, serial_shops,
          shop, uniq_edmund
D:5:      layout_basic, lightli_temple_of_fire, mainiacjoe_overflow_24_doors,
          serial_shops, nicolae_shop_behind_doors, minmay_stone_trees_large,
          minivault_1, minmay_manual_moon, uniq_blork_the_orc

Skill      XL: |  1 |
---------------+----+-----
Axes           | 2 |  2.4
Fighting       | |  3.2
Dodging        | |  1.5
Stealth        | |  5.4

Action                   || total
-------------------------++-------
Melee: War axe           ||    17
       Hand axe          ||     4
Armor: Leather armour    ||     5
Dodge: Dodged            ||    11

Table legend:
 A = Non-vault XP
 B = Vault XP
 C = Vault XP percentage of total XP
 D = Non-vault monster count
 E = Vault monster count
 F = Vault count percentage of total count
                 A         B        C        D         E       F
            +---------+---------+-------+---------+---------+-------
      Total |      10 |       0 |   0.0 |       4 |       0 |   0.0
            +---------+---------+-------+---------+---------+-------
        D:3 |       8 |       0 |   0.0 |       3 |       0 |   0.0
        D:4 |       2 |       0 |   0.0 |       1 |       0 |   0.0
            +---------+---------+-------+---------+---------+-------
